 Dungeon Crawl Stone Soup version 0.29-a0-359-g541a27f54d (webtiles) character file.

Game seed: 11769442653624309964

269 jaega1 the Cleaver (level 6, -3/52 HPs)
             Began as a Hill Orc Fighter on Apr 27, 2022.
             Slain by an iguana (12 damage)
             ... on level 4 of the Dungeon.
             The game lasted 00:06:11 (3259 turns).

jaega1 the Cleaver (Hill Orc Fighter)               Turns: 3259, Time: 00:06:12

Health: -3/52      AC:  6    Str: 21    XL:     6   Next: 22%
Magic:  6/6        EV:  9    Int: 14    God:
Gold:   127        SH:  4    Dex: 10    Spells: 5/5 levels left

rFire   + . .      SeeInvis .   a - +0 war axe
rCold   + . .      Faith    .   c - +0 buckler
rNeg    . . .      Spirit   .   b - +0 scale mail
rPois   .          Reflect  .   (no helmet)
rElec   .          Harm     .   t - scarf {rC+ rF+}
rCorr   .          Rampage  .   (no gloves)
Will    .....                   (no boots)
Stlth   ..........              e - amulet of magic regeneration
HPRegen 0.17/turn               h - +6 ring of intelligence
MPRegen 0.50/turn               (no ring)

@: no status effects
A: no striking features
a: no special abilities


You were on level 4 of the Dungeon.
You visited 1 branch of the dungeon, and saw 4 of its levels.

You collected 127 gold pieces.

Inventory:

Hand Weapons
 a - a +0 war axe (weapon)
Armour
 b - a +0 scale mail (worn)
 c - a +0 buckler (worn)
 g - an orb of energy
 p - a +0 cloak
 t - a scarf of resistance (worn)
Jewellery
 e - an amulet of magic regeneration (around neck)
 h - a +6 ring of intelligence (left hand)
 o - an amulet of guardian spirit
Scrolls
 f - 2 scrolls of magic mapping {unknown}
 i - a scroll of enchant armour {unknown}
 j - a scroll of holy word {unknown}
 n - a scroll of fear {unknown}
 q - a scroll of identify
 r - a scroll of enchant weapon {unknown}
Potions
 d - a potion of attraction
 k - a potion of invisibility
 l - a potion of mutation
 m - 2 potions of curing {unknown}
 s - a potion of cancellation {unknown}
 u - a potion of resistance {unknown}


   Skills:
 - Level 3.8 Fighting
 * Level 8.0 Axes
 - Level 3.5 Armour
 - Level 3.4 Shields


You had 5 spell levels left.
You didn't know any spells.
Your spell library contained the following spells:

 Spells                   Type           Power      Damage    Failure   Level
 Static Discharge         Conj/Air       0%         N/A       83%         2
 Lightning Bolt           Conj/Air       0%         1d11      100%        5
 Maxwell's Capacitive Co  Air            0%         ∞         100%        8


Dungeon Overview and Level Annotations

Branches:
Dungeon (4/15)
 Temple: D:4-7

Altars:

Shops:
D:1 =


Message History

You kill the orc!
Things that are here:
a +0 dagger; a +0 ring mail; a +0 giant club You start resting.
An orc comes into view. It is wielding a +0 short sword.
There is a stone staircase leading up here.
You start resting.
HP restored.
Found a stone staircase leading down.
Found a thin glowing staff and a quarterstaff.
You see here a staff of cold.
An iguana comes into view.
Found 5 gold pieces.
The iguana bites you.
You hit the iguana but do no damage. The iguana bites you!
You closely miss the iguana. The iguana bites you!
You hit the iguana.
The iguana is lightly wounded.
The iguana barely misses you.
You hit the iguana but do no damage.
The iguana is lightly wounded.
The iguana bites you!
You hit the iguana but do no damage.
The iguana is lightly wounded.
You block the iguana's attack.
You slash the iguana!
The iguana is severely wounded.
The iguana bites you but does no damage.
You hit the iguana.
The iguana is almost dead.
The iguana bites you!
* * * LOW HITPOINT WARNING * * *
You barely miss the iguana.
The iguana is almost dead.
The iguana bites you.
* * * LOW HITPOINT WARNING * * *
You closely miss the iguana.
The iguana is almost dead.
The iguana bites you!
You die...

#.# ... #.# # #.# #.
#.# ####.#########
#####.#
..........>..#
###.....#
#....l###.###....<###
#..)@.##...##<###.##.
#......|.#....# #....
#.....##^..##.###.##.
#.....###.###.....#..
###..## #.# ###.###..
#..# #.# #.# #.. #...
#.# #.# ### ..$. ..#
#.# ###. ### #.#


You could see an iguana.

Vanquished Creatures
  An ogre (D:4)
  Crazy Yiuf (D:2)
  4 gnolls
  5 adders
  3 worms (D:2)
  4 dart slugs
  6 orcs
  4 ball pythons
  2 endoplasms
  3 giant cockroaches
  2 goblins (D:2)
  4 hobgoblins
  2 quokkas
  3 bats
  4 frilled lizards
  3 kobolds
  4 rats
55 creatures vanquished.

Notes
Turn   | Place    | Note
-------+----------+-------------------------------------------
     0 | D:1      | jaega1 the Hill Orc Fighter began the quest for the Orb.
     0 | D:1      | Reached XP level 1. HP: 19/19 MP: 1/1
   251 | D:1      | Found Fuutimm's Jewellery Shoppe.
   369 | D:1      | Reached XP level 2. HP: 27/27 MP: 2/2
   545 | D:1      | Reached skill level 3 in Axes
   781 | D:2      | Reached XP level 3. HP: 27/33 MP: 3/3
   863 | D:2      | Reached skill level 4 in Axes
  1096 | D:2      | Found a runed translucent door.
  1097 | D:2      | Noticed Crazy Yiuf
  1214 | D:2      | Reached XP level 4. HP: 37/40 MP: 4/4
  1285 | D:2      | Reached skill level 5 in Axes
  1652 | D:2      | Killed Crazy Yiuf
  2023 | D:3      | Reached skill level 6 in Axes
  2070 | D:2      | Reached XP level 5. HP: 46/46 MP: 5/5
  2709 | D:3      | Reached skill level 7 in Axes
  2990 | D:4      | Noticed an ogre
  2997 | D:4      | Killed an ogre
  2998 | D:4      | Reached skill level 8 in Axes
  2998 | D:4      | Reached XP level 6. HP: 12/52 MP: 6/6
  3259 | D:4      | Slain by an iguana

Illustrated notes

Levels and vault maps discovered:
D:1:      dpeg_arrival_stonehenge_8_columns, layout_basic, serial_shops, shop,
          minmay_misc_feat_nine_boxes
D:2:      layout_loops_ring, chequers_hall_statues_wall_a,
          uniq_crazy_yiuf_cottage
D:3:      layout_rooms, serial_glass, glass_columns_a, glass_columns_a,
          wad_floor_pattern_1
D:4:      layout_loops_ring, fedhas_altar_fruit_tree, serial_shops,
          nicolae_shop_stone

Skill      XL: |  1  2  3  4  5 |
---------------+----------------+-----
Axes           | 3 4 6 8 |  8.0
Fighting       | |  3.8
Armour         | |  3.5
Shields        | |  3.4

Action                   |  1- 3 |  4- 6 || total
-------------------------+-------+-------++-------
Melee: War axe           |    73 |   115 ||   188
  Use: Scroll            |       |     3 ||     3
       Potion            |       |     1 ||     1
Armor: Scale mail        |    31 |    42 ||    73
Dodge: Dodged            |    49 |    52 ||   101
Block: Buckler           |    24 |    30 ||    54

Table legend: (Time is in decaauts)
 A = Elapsed time spent in this place.
 B = Non-inter-level travel time spent in this place.
 C = Inter-level travel time spent in this place.
 D = Time resting spent in this place.
 E = Time spent auto-exploring this place.
 F = Levels seen in this place.
 G = Mean time per level.
                   A        B        C        D        E       F      G
               +--------+--------+--------+--------+--------+-----+--------+
         Total |   3315 |   3257 |     58 |    791 |   1784 |   4 |  828.8 |
       Dungeon |   3315 |   3257 |     58 |    791 |   1784 |   4 |  828.8 |
               +--------+--------+--------+--------+--------+-----+--------+

Top non-repeatable levels by time:
     D:2: 1567 daAuts
     D:1: 790 daAuts
     D:3: 625 daAuts
     D:4: 331 daAuts
